 Dungeon Crawl Stone Soup version 0.26-a0-752-gcff87cac9a (webtiles) character file.

Game seed: 8402872294213174414

35 Whiskey the Skirmisher (level 3, 29/29 HPs)
             Began as a Demonspawn Fighter on Nov 7, 2020.
             Quit the game on level 2 of the Dungeon.
             The game lasted 00:01:08 (905 turns).

Whiskey the Skirmisher (Demonspawn Fighter)          Turns: 905, Time: 00:01:09

Health: 29/29      AC:  7    Str: 17    XL:     3   Next: 17%
Magic:  3/3        EV:  7    Int:  9    God:
Gold:   92         SH:  9    Dex: 12    Spells: 2/2 levels left

rFire    . . .     SeeInvis .   a - +0 war axe
rCold    . . .     Faith    .   c - +0 kite shield
rNeg     . . .     Spirit   +   b - +0 scale mail
rPois    .         Reflect  .   (no helmet)
rElec    .         Harm     .   k - +0 cloak
rCorr    .         Rampage  .   (no gloves)
MR       .....                  (no boots)
Stlth    ..........             (no amulet)
HPRegen  0.09/turn              (no ring)
MPRegen  0.08/turn              (no ring)

@: no status effects
A: spiny 1, magic shield
a: no special abilities


You were on level 2 of the Dungeon.
You visited 1 branch of the dungeon, and saw 2 of its levels.

You collected 92 gold pieces.

Inventory:

Hand Weapons
 a - a +0 war axe (weapon)
Armour
 b - a +0 scale mail (worn)
 c - a +0 kite shield (worn)
 k - a +0 cloak (worn)
   (You found it on level 1 of the Dungeon)
 l - a +0 pair of boots
   (You found it on level 1 of the Dungeon)
Jewellery
 g - a cursed ring of attention {unknown}
   (You found it on level 1 of the Dungeon)
 m - a cursed ring of teleportation {unknown}
   (You found it on level 2 of the Dungeon)
Scrolls
 e - a scroll of teleportation {unknown}
 h - a scroll of fear {unknown}
 i - 3 scrolls of identify {unknown}
 j - a scroll of enchant weapon {unknown}
Potions
 d - 2 potions of might
 f - a potion of heal wounds {unknown}


   Skills:
 + Level 3.3 Fighting
 + Level 2.2 Axes
 + Level 3.0 Armour
 + Level 3.0 Shields


You had 2 spell levels left.
You didn't know any spells.
Your spell library was empty.

Dungeon Overview and Level Annotations

Branches:
Dungeon (2/15)

Altars:


Innate Abilities, Weirdness & Mutations

You are partially covered in sharp spines.
When hurt, damage is shared between your health and your magic reserves.


Message History

You finish putting on your +0 cloak.
A giant cockroach comes into view.
You see here a leather armour.
You block the giant cockroach's attack. x2
You slash the giant cockroach!
You kill the giant cockroach!
Your Armour skill increases to level 3!
Your Shields skill increases to level 3!
No target in view!
No target in view!
No target in view!
No target in view!
No target in view!
No target in view!
No target in view!
No target in view!
A leopard gecko comes into view.
The leopard gecko hisses angrily.
You block the leopard gecko's attack.
Your scale mail prevents you from hitting the leopard gecko.
The leopard gecko hisses menacingly.
You block the leopard gecko's attack. The leopard gecko bites you.
You take 1 damage, and have 23/24 hp.
You now have 1/2 mp.
You slash the leopard gecko!
You kill the leopard gecko!
No target in view!
No target in view!
No target in view!
No target in view!
No target in view!
No target in view!
No target in view!
No target in view!
i - 3 scrolls labeled ZOMMOE HOIWKUSI (gained 1)
You now have 74 gold pieces (gained 8).
l - a pair of boots Health restored: 24; MP restored: 2 You now have 90 gold pieces (gained 16).
There is a shaft here.
A frilled lizard comes into view.
The frilled lizard hisses angrily.
You block the frilled lizard's attack.
You hit the frilled lizard.
You kill the frilled lizard!
No target in view!
No target in view!
No target in view!
No target in view!
No target in view!
No target in view!
No target in view!
No target in view!
You see here a frilled lizard corpse.
You see here a frilled lizard corpse.
There is a shaft here.
Done exploring.
Done exploring.
There is a stone staircase leading down here.
You climb downwards.
A hobgoblin comes into view. It is wielding a -3 club.
The hobgoblin shouts!
You hear an angry hiss.
Found a stone staircase leading up.
There is a stone staircase leading up here.
A hobgoblin is nearby!
You slash the hobgoblin!
You kill the hobgoblin!
No target in view!
No target in view!
No target in view!
No target in view!
No target in view!
No target in view!
No target in view!
No target in view!
No target in view!
No target in view!
An adder comes into view.
The adder hisses angrily.
You completely miss the adder. The adder bites you.
You are poisoned.
The adder poisons you! The adder bites you but does no damage.
You take 4 damage, and have 20/24 hp.
Your shield and scale mail prevent you from hitting the adder.
You feel sick. The adder barely misses you. The adder bites you.
You take 1 damage, and have 19/24 hp.
You now have 1/2 mp.
You slash the adder!
You kill the adder!
You have reached level 3!
Your experience leads to an increase in your attributes!
Increase (s)trength, (i)ntelligence, or (d)exterity?
You feel stronger.
Your demonic ancestry asserts itself...
Sharp spines emerge from parts of your body.
You regained 5 hp, and now have 24/29 hp.
You feel sick.
You feel sick.
You feel sick.
You are no longer poisoned.
You now have 92 gold pieces (gained 2).
m - a knobbly jade ring Health restored: 29; MP restored: 3

....#####...#
....##......#
............#####.
....##............
.................
..##............
.................
. ......#........
........@...##..
.......#........
.............).
......###......
...... #.##..
..... .# ## .....
.. ... ##


There were no monsters in sight!

Vanquished Creatures
  An adder (D:2)
  A dart slug (D:1)
  A leopard gecko (D:1)
  3 giant cockroaches (D:1)
  4 goblins (D:1)
  6 hobgoblins
  A ball python (D:1)
  A frilled lizard (D:1)
  2 kobolds (D:1)
  A rat (D:1)
21 creatures vanquished.

Notes
Turn   | Place    | Note
-------+----------+-------------------------------------------
     0 | D:1      | Whiskey the Demonspawn Fighter began the quest for the Orb.
     0 | D:1      | Reached XP level 1. HP: 18/18 MP: 1/1
   381 | D:1      | Reached skill level 2 in Axes
   381 | D:1      | Gained mutation: When hurt, damage is shared between your
                  | health and your magic reserves. [demonic ancestry]
   381 | D:1      | Reached XP level 2. HP: 16/24 MP: 2/2
   642 | D:1      | Reached skill level 3 in Armour
   642 | D:1      | Reached skill level 3 in Shields
   804 | D:2      | Gained mutation: You are partially covered in sharp spines.
                  | [demonic ancestry]
   804 | D:2      | Reached XP level 3. HP: 23/29 MP: 1/3
   905 | D:2      | Quit the game

Illustrated notes

Levels and vault maps discovered:
D:1:      dpeg_arrival_round_c, layout_loops_ring, minmay_strange_pillars
D:2:      layout_basic

Skill      XL: |  1  2 |
---------------+-------+-----
Axes           | 2 |  2.2
Armour         | 3 |  3.0
Shields        | 3 |  3.0
Fighting       | |  3.3

Action                   || total
-------------------------++-------
Melee: War axe           ||    55
Armor: Scale mail        ||    17
Dodge: Dodged            ||    12
Block: Kite shield       ||    21

Table legend: (Time is in decaauts)
 A = Elapsed time spent in this place.
 B = Non-inter-level travel time spent in this place.
 C = Inter-level travel time spent in this place.
 D = Time resting spent in this place.
 E = Time spent auto-exploring this place.
 F = Levels seen in this place.
 G = Mean time per level.
                   A        B        C        D        E       F      G
               +--------+--------+--------+--------+--------+-----+--------+
         Total |    931 |    913 |     18 |      0 |    758 |   2 |  465.5 |
       Dungeon |    931 |    913 |     18 |      0 |    758 |   2 |  465.5 |
               +--------+--------+--------+--------+--------+-----+--------+

Top non-repeatable levels by time:
     D:1: 818 daAuts
     D:2: 113 daAuts

Table legend:
 A = Kills in this place as a percentage of kills in entire the game.
 B = Kills by you in this place as a percentage of kills by you in the entire game.
 C = Kills by friends in this place as a percentage of kills by friends in the entire game.
 D = Other kills in this place as a percentage of other kills in the entire game.
 E = Experience gained in this place as a percentage of experience gained in the entire game.
 F = Experience gained in this place divided by the number of levels of this place that you have seen.
                   A       B       C       D       E      F
               +-------+-------+-------+-------+-------+----------------------
         Total | 100.0 | 100.0 |   N/A |   N/A | 100.0 |  25.5
       Dungeon | 100.0 | 100.0 |   N/A |   N/A | 100.0 |  25.5
               +-------+-------+-------+-------+-------+----------------------
